 Dungeon Crawl Stone Soup version 0.30-a0-422-g946f4849ff (webtiles) character file.

Game seed: 16821852162001126919

122 inmateoo the Trooper (level 4, -3/35 HPs)
             Began as a Demonspawn Fighter on Dec 9, 2022.
             Slain by Ijyb
             ... wielding a +2 dagger of venom
              (4 damage)
             ... on level 3 of the Dungeon.
             The game lasted 00:03:07 (1571 turns).

inmateoo the Trooper (Demonspawn Fighter)           Turns: 1571, Time: 00:03:07

Health: -3/35      AC: 11    Str: 19    XL:     4   Next: 78%
Magic:  4/4        EV:  5    Int:  9    God:
Gold:   114        SH:  4    Dex: 12    Spells: 3/3 levels left

rFire   . . .      SeeInvis .    a - +0 long sword
rCold   . . .      Faith    .    c - +0 buckler
rNeg    . . .      Spirit   .    l - +0 plate armour
rPois   .          Reflect  .    (no helmet)
rElec   .          Harm     .    (no cloak)
rCorr   .          Rampage  .    (no gloves)
Will    +....                    (no boots)
Stlth   ..........               (no amulet)
HPRegen 0.25/turn                r - ring of willpower
MPRegen 0.09/turn                (no ring)

@: no status effects
A: claws 2, powered by death 1
a: no special abilities


You were on level 3 of the Dungeon.
You visited 1 branch of the dungeon, and saw 3 of its levels.

You collected 114 gold pieces.

Inventory:

Hand Weapons
 a - a +0 long sword (weapon)
Armour
 c - a +0 buckler (worn)
 l - a +0 plate armour (worn)
Jewellery
 r - a ring of willpower (left claw)
Scrolls
 e - a scroll of magic mapping {unknown}
 f - a scroll of amnesia {unknown}
 h - a scroll of teleportation {unknown}
 i - 4 scrolls of identify {unknown}
 k - a scroll of brand weapon {unknown}
 m - a scroll of vulnerability {unknown}
 n - a scroll of enchant armour {unknown}
 o - a scroll of fear {unknown}
 p - a scroll of silence {unknown}
 q - a scroll of blinking {unknown}
Potions
 b - a potion of heal wounds {unknown}
 d - 4 potions of might
 g - a potion of curing
 j - 2 potions of attraction {unknown}


   Skills:
 + Level 3.5 Fighting
 * Level 3.0 Long Blades
 + Level 3.3 Armour
 + Level 1.3 Dodging
 + Level 3.1 Shields


You had 3 spell levels left.
You didn't know any spells.
Your spell library was empty.

Dungeon Overview and Level Annotations

Branches:
Dungeon (3/15)

Altars:

Shops:
D:2 =:

Annotations:
D:3 Ijyb


Innate Abilities, Weirdness & Mutations

You have very sharp fingernails.
You regenerate a little health from kills.


Message History

You slash Ijyb!
Ijyb is moderately wounded.
An iguana comes into view.
Ijyb hits you with a +2 dagger of venom.
You are poisoned.
Ijyb hits you with a +2 dagger of venom.
You are more poisoned.
You slash Ijyb!
Ijyb is severely wounded.
You feel extremely sick. Ijyb hits you but does no damage.
You are more poisoned.
You hit Ijyb but do no damage.
Ijyb is severely wounded.
You feel very sick. Ijyb hits you but does no damage.
You are lethally poisoned!
You are too injured to fight recklessly!
You are too injured to fight recklessly!
It was a potion of curing.
You feel better.
You hear the rusting of a drain nearby.
Ijyb hits you with a +2 dagger of venom.
You are poisoned.
You hit Ijyb but do no damage.
Ijyb is severely wounded.
You feel very sick. Ijyb hits you but does no damage.
You are lethally poisoned!
You completely miss Ijyb.
Ijyb is severely wounded.
You feel very sick. Ijyb hits you but does no damage.
You are more poisoned.
The iguana bites you!
* * * LOW HITPOINT WARNING * * *
Ijyb hits you but does no damage.
You feel better. The iguana bites you!
* * * LOW HITPOINT WARNING * * *
Ijyb hits you with a +2 dagger of venom.
You die...

## .# .# # ###.## .#
. #.?.. ##
###.##.#.##
..?#.....# .......#
#.l...# #@g.# #.###
#.# #.# #.# #.####
### #######....#
######.###.......##.#
........##.#####.# #


You could see Ijyb and an iguana.

Vanquished Creatures
  4 gnolls
  3 adders (D:2)
  2 dart slugs
  6 ball pythons
  4 bats
  5 endoplasms
  2 giant cockroaches
  7 goblins
  5 hobgoblins
  2 jackals (D:1)
  3 kobolds
  2 quokkas (D:3)
  3 frilled lizards
  4 rats
52 creatures vanquished.

Notes
Turn   | Place    | Note
-------+----------+-------------------------------------------
     0 | D:1      | inmateoo the Demonspawn Fighter began the quest for the
                  | Orb.
     0 | D:1      | Reached XP level 1. HP: 18/18 MP: 1/1
    82 | D:1      | Gained mutation: You have sharp fingernails. [demonic
                  | ancestry]
    82 | D:1      | Reached XP level 2. HP: 24/24 MP: 2/2
   630 | D:2      | Gained mutation: You regenerate a little health from kills.
                  | [demonic ancestry]
   630 | D:2      | Reached XP level 3. HP: 28/29 MP: 3/3
   764 | D:2      | Reached skill level 1 in Dodging
   785 | D:2      | Found Qeeqix's Book Boutique.
   810 | D:2      | Identified the +1 ring mail "Qinoz" {Harm rElec rCorr
                  | Int-4}
   862 | D:2      | Found Ranebeu's Jewellery Shop.
  1126 | D:2      | Gained mutation: You have very sharp fingernails. [demonic
                  | ancestry]
  1126 | D:2      | Reached XP level 4. HP: 34/35 MP: 4/4
  1563 | D:3      | Noticed Ijyb
  1571 | D:3      | HP: 1/35 [iguana (11)]
  1571 | D:3      | Slain by Ijyb

Illustrated notes

Levels and vault maps discovered:
D:1:      lightli_arrival_lavapool, layout_rooms
D:2:      layout_basic, serial_shops, shop, shop, minmay_misc_feat_ornament
D:3:      layout_loops_cross, gup_sewer_entry_bubbles, uniq_ijyb

Skill      XL: |  1  2  3  4 |
---------------+-------------+-----
Long Blades    | 2 3 |  3.0
Armour         | 3 |  3.3
Dodging        | 1 |  1.3
Shields        | 3 |  3.1
Fighting       | |  3.5

Action                   |  1- 3 |  4- 6 || total
-------------------------+-------+-------++-------
Melee: Long sword        |   123 |    47 ||   170
  Use: Potion            |       |     2 ||     2
Armor: Scale mail        |    37 |       ||    37
       Plate armour      |    55 |    49 ||   104
       Chain mail        |     9 |       ||     9
Dodge: Dodged            |    48 |    17 ||    65
Block: Buckler           |    31 |     8 ||    39

Table legend: (Time is in decaauts)
 A = Elapsed time spent in this place.
 B = Non-inter-level travel time spent in this place.
 C = Inter-level travel time spent in this place.
 D = Time resting spent in this place.
 E = Time spent auto-exploring this place.
 F = Levels seen in this place.
 G = Mean time per level.
                   A        B        C        D        E       F      G
               +--------+--------+--------+--------+--------+-----+--------+
         Total |   1626 |   1562 |     64 |     79 |    910 |   3 |  542.0 |
       Dungeon |   1626 |   1562 |     64 |     79 |    910 |   3 |  542.0 |
               +--------+--------+--------+--------+--------+-----+--------+

Top non-repeatable levels by time:
     D:2: 753 daAuts
     D:1: 630 daAuts
     D:3: 242 daAuts
